 Dungeon Crawl Stone Soup version 0.29.1-12-g30fa7ad0bf (webtiles) character file.

Game seed: 4576150545672736280

6764 SUNLIGHTBIBLE the Fighter (level 11, -20/89 HPs)
             Began as a Formicid Fighter on Jan 1, 2023.
             Was an Elder of Okawaru.
             Demolished by a titanic slime creature (81 damage)
             ... on level 12 of the Dungeon.
             The game lasted 00:15:55 (10095 turns).

SUNLIGHTBIBLE the Fighter (Formicid Fighter)       Turns: 10095, Time: 00:15:55

Health: -20/89     AC: 19    Str: 24    XL:     11   Next: 24%
Magic:  0/13       EV: 12    Int:  9    God:    Okawaru [****..]
Gold:   388        SH:  4    Dex: 10    Spells: 10/10 levels left

rFire   + . .      SeeInvis +   t - +9 whip "Wianaodgh" {speed, Dex+2}
rCold   . . .      Faith    .   c - +0 buckler
rNeg    . . .      Spirit   +   J - +0 plate armour
rPois   .          Reflect  .   (helmet unavailable)
rElec   .          Harm     .   I - +0 cloak
rCorr   .          Rampage  .   r - +1 pair of gloves
Will    +++..                   E - +0 pair of boots
Stlth   ..........              y - amulet of guardian spirit
HPRegen 0.24/turn               G - ring of protection from fire
MPRegen 0.13/turn               a - ring of the Zealous Date {Will++ EV+4 Dex-5}

@: no status effects
A: permanent stasis, dig shafts and tunnels, antennae 3, four strong arms
a: Dig, Shaft Self, Renounce Religion, Heroism, Finesse


You were on level 12 of the Dungeon.
You worshipped Okawaru.
Okawaru was greatly pleased with you.
You visited 2 branches of the dungeon, and saw 11 of its levels.

You collected 751 gold pieces.
You spent 363 gold pieces at shops.

Inventory:

Hand Weapons
 t - the +9 whip "Wianaodgh" (weapon) {speed, Dex+2}
   (You found it on level 3 of the Dungeon)

   Attacks with this weapon are significantly faster.
   Dex:       It affects your dexterity (+2).
 u - a +0 giant spiked club
Armour
 c - a +0 buckler (worn)
 r - a +1 pair of gloves (worn)
 E - a +0 pair of boots (worn)
 I - a +0 cloak (worn)
 J - a +0 plate armour (worn)
Jewellery
 a - the ring of the Zealous Date (right hand) {Will++ EV+4 Dex-5}
   (You acquired it on level 4 of the Dungeon)

   [ring of evasion]

   EV:        It affects your evasion (+4).
   Dex:       It affects your dexterity (-5).
   Will:      It greatly increases your willpower.
 v - a ring of resist corrosion
 y - an amulet of guardian spirit (around neck)
 G - a ring of protection from fire (left hand)
Wands
 n - a wand of roots (4)
 H - a wand of flame (23)
Scrolls
 g - a scroll of amnesia
 h - 2 scrolls of teleportation
 j - 7 scrolls of magic mapping
 o - a scroll of butterflies
 s - a scroll of blinking {unknown}
 w - a scroll of torment
 D - 2 scrolls of immolation
 F - a scroll of noise
 K - a scroll of vulnerability {unknown}
 L - a scroll of enchant weapon {unknown}
Potions
 b - 2 potions of resistance
 e - a potion of ambrosia {unknown}
 f - 5 potions of heal wounds {unknown}
 i - 5 potions of degeneration {unknown}
 k - 2 potions of mutation {unknown}
 l - 4 potions of flight {unknown}
 m - 2 potions of invisibility {unknown}
 p - 8 potions of curing {unknown}
 q - 3 potions of brilliance {unknown}
 x - 2 potions of magic {unknown}
 z - 3 potions of berserk rage {unknown}
 A - a potion of attraction {unknown}
 B - 2 potions of haste {unknown}


   Skills:
 * Level 9.2 Fighting
 * Level 9.2 Maces & Flails
 * Level 9.1 Armour
 + Level 4.8 Dodging
 - Level 4.0 Shields
 + Level 3.9 Invocations
 + Level 5.8 Evocations


You had 10 spell levels left.
You didn't know any spells.
Your spell library contained the following spells:

 Spells                   Type           Power      Damage    Failure   Level
 Apportation              Tloc           0%         N/A       99%         1
 Beastly Appendage        Tmut           0%         N/A       99%         1
 Foxfire                  Conj/Fire      0%         2x1d4     99%         1
 Necrotise                Necr           0%         1d4       99%         1
 Wereblood                Tmut           0%         N/A       100%        2
 Conjure Flame            Conj/Fire      0%         6-21      100%        3
 Frozen Ramparts          Ice            0%         1d1       100%        3
 Inner Flame              Hex/Fire       0%         N/A       100%        3
 Spider Form              Tmut/Pois      0%         N/A       100%        3
 Flame Wave               Conj/Fire      0%         2d4       100%        4
 Ice Form                 Ice/Tmut       0%         N/A       100%        4
 Summon Small Mammal      Summ           Unusable   N/A       N/A         1
 Summon Ice Beast         Ice/Summ       Unusable   N/A       N/A         4

Dungeon Overview and Level Annotations

Branches:
Dungeon (12/15)            Temple (1/1) D:7
   Lair: D:8-11         Orc: D:9-12

Altars:
Ashenzari
Cheibriados
Dithmenos
Elyvilon
Fedhas
Gozag
Hepliaklqana
Kikubaaqudgha
Makhleb
Nemelex Xobeh
Okawaru
Qazlal
Ru
Trog
Uskayaw
Vehumet
Wu Jian
Xom
Yredelemnul
Zin
The Shining One

Shops:
D:7 *


Innate Abilities, Weirdness & Mutations

You cannot be hasted, slowed, berserked, paralysed or teleported.
You can dig through walls and to a lower floor.
You have a pair of large antennae on your head. (SInv)
Your four strong arms can wield two-handed weapons with a shield.


Message History

Okay, then.
Aiming: Fastroot
Press: ? - help, Shift-Dir - straight line, f - titanic slime creature
Aim: a titanic slime creature (lightly wounded)
The roots erupt in riotous growth!
The titanic slime creature is unaffected.
The slime creature is unaffected.
There are monsters nearby!
Unknown command.
Okay, then.
Okay, then.
Throw: throwing net
Press: ? - help, Shift-Dir - straight line, f/p - titanic slime creature
Aim: a titanic slime creature (lightly wounded, 85% to hit, immune to nets)
You throw a throwing net.
The throwing net hits the titanic slime creature.
The titanic slime creature is too large for the net to hold!
The titanic slime creature is lightly wounded.
Aiming: Fastroot
Press: ? - help, Shift-Dir - straight line, f/p - titanic slime creature
Aim: a titanic slime creature (lightly wounded)
The roots erupt in riotous growth!
The titanic slime creature is unaffected.
The slime creature is unaffected.
The titanic slime creature closely misses you.
You whack the titanic slime creature!
The titanic slime creature is lightly wounded.
You whack the titanic slime creature!
The titanic slime creature is lightly wounded.
You block the titanic slime creature's attack.
You whack the titanic slime creature!
The titanic slime creature is lightly wounded.
You feel like a meek peon again.
You whack the titanic slime creature!
The titanic slime creature is moderately wounded.
You thrash the titanic slime creature!!
The titanic slime creature is moderately wounded.
The titanic slime creature hits you!!!!
Ouch! That really hurt!
You die...

#.....J...
#...J.....
#.......?.
#.......J.
#'## #..##
##.J# ##J#
#@# #.#
#.# #.#
#.# #.#
#.# #.#
#.#


You could see a titanic slime creature and a slime creature.

Vanquished Creatures
  A hydra (D:12)
  An ugly thing (D:12)
  A manticore (D:12)
  The ghost of hawla the Chiller, a novice FoIE (D:5)
  A gargoyle (D:12)
  The ghost of hawla the Firebug, an amateur MeFE (D:4)
  A hornet (D:4)
  Sigmund (D:4)
  2 vampires (D:12)
  An acid dragon (D:9)
  2 water moccasins
  3 orc warriors
  2 sky beasts
  2 ogres (D:5)
  2 centaurs (D:7)
  A phantom (D:7)
  6 kobold brigands
  A necrophage (D:4)
  A gnoll sergeant (D:6)
  5 bullfrogs
  A scorpion (D:5)
  8 killer bees
  4 howler monkeys
  4 hounds
  2 jellies
  4 quasits (D:5)
  5 orc priests
  3 iguanas
  12 orc wizards
  9 adders
  19 gnolls
  2 shadow imps
  A white imp (D:5)
  4 ufetubi
  A worm (D:3)
  5 dart slugs
  36 orcs
  5 bats
  9 endoplasms
  4 giant cockroaches
  9 goblins
  13 hobgoblins
  45 kobolds
  5 quokkas
  5 ball pythons
  3 frilled lizards
  6 rats
260 creatures vanquished.

Vanquished Creatures (others)
  3 fungi (D:5)
  A plant (D:5)
4 creatures vanquished.

Grand Total: 264 creatures vanquished

Notes
Turn   | Place    | Note
-------+----------+-------------------------------------------
     0 | D:1      | SUNLIGHTBIBLE the Formicid Fighter began the quest for the
                  | Orb.
     0 | D:1      | Reached XP level 1. HP: 18/18 MP: 1/1
    47 | D:1      | Reached XP level 2. HP: 16/24 MP: 2/2
   471 | D:1      | Reached XP level 3. HP: 29/29 MP: 3/3
  1233 | D:2      | Found a faded altar of an unknown god.
  2187 | D:3      | Identified the +9 whip "Wianaodgh" {speed, Dex+2}
  2225 | D:3      | Reached XP level 4. HP: 35/35 MP: 4/4
  3021 | D:4      | Reached XP level 5. HP: 41/41 MP: 5/5
  3065 | D:4      | Noticed a hornet
  3067 | D:4      | Found a runed translucent gate.
  3083 | D:4      | Found a runed translucent gate.
  3092 | D:4      | Found a runed translucent gate.
  3096 | D:4      | Noticed hawla's ghost (amateur MeFE)
  3164 | D:4      | Reached skill level 5 in Maces & Flails
  3164 | D:4      | Reached XP level 6. HP: 31/48 MP: 6/6
  3369 | D:4      | Reached skill level 1 in Dodging
  3369 | D:4      | Reached skill level 1 in Evocations
  3609 | D:4      | Noticed Sigmund
  3616 | D:4      | Killed Sigmund
  3617 | D:4      | Reached XP level 7. HP: 52/55 MP: 7/7
  3655 | D:4      | Identified a scroll of acquirement
  3790 | D:4      | Found a hide-covered altar of Uskayaw.
  3794 | D:4      | Found a radiant altar of Vehumet.
  3795 | D:4      | Acquired the ring of the Zealous Date {Will++ EV+4 Dex-5}
  4031 | D:5      | Entered Level 5 of the Dungeon
  4170 | D:5      | Found a large runed translucent door.
  4170 | D:5      | Found a large runed translucent door.
  4215 | D:5      | Reached skill level 5 in Fighting
  4215 | D:5      | Reached XP level 8. HP: 62/62 MP: 8/8
  4275 | D:5      | Reached skill level 5 in Armour
  4359 | D:5      | Found a runed translucent gate.
  4359 | D:5      | Found a runed translucent gate.
  4359 | D:5      | Found a runed translucent gate.
  4361 | D:5      | Noticed hawla's ghost (novice FoIE)
  4826 | D:5      | Found an ornate altar of the Wu Jian Council.
  5325 | D:6      | Reached XP level 9. HP: 52/69 MP: 6/9
  7013 | D:7      | Found Pyucaek's Fire Supplies.
  7025 | D:7      | Bought a scroll of immolation for 44 gold pieces
  7025 | D:7      | Bought a scroll of immolation for 44 gold pieces
  7025 | D:7      | Bought a ring of protection from fire for 275 gold pieces
  7079 | D:7      | Found a staircase to the Ecumenical Temple.
  7095 | Temple   | Entered the Ecumenical Temple
  7278 | Temple   | Became a worshipper of Warmaster Okawaru
  7399 | D:7      | Found a bloodstained altar of Trog.
  7903 | D:5      | Killed hawla's ghost
  7903 | D:5      | Reached * piety under Okawaru
  7904 | D:5      | Reached skill level 1 in Invocations
  7904 | D:5      | Reached XP level 10. HP: 64/79 MP: 8/10
  8051 | D:5      | Found a burning altar of Makhleb.
  8063 | D:5      | Found a white marble altar of Elyvilon.
  8130 | D:4      | Killed hawla's ghost
  8441 | D:8      | Found a blossoming altar of Fedhas.
  8541 | D:8      | Reached skill level 5 in Evocations
  8644 | D:8      | Reached ** piety under Okawaru
  9518 | D:9      | Found a basalt altar of Yredelemnul.
  9521 | D:9      | You fall into a shaft and drop 3 floors!
  9547 | D:12     | Noticed a gargoyle
  9557 | D:12     | Killed a gargoyle
  9600 | D:12     | Reached *** piety under Okawaru
  9608 | D:12     | Noticed a manticore
  9627 | D:12     | Killed a manticore
  9628 | D:12     | Reached XP level 11. HP: 41/87 MP: 4/13
 10051 | D:12     | Noticed a four-headed hydra
 10051 | D:12     | Noticed a white ugly thing
 10067 | D:12     | Killed a four-headed hydra
 10083 | D:12     | Killed a white ugly thing
 10083 | D:12     | Reached **** piety under Okawaru
 10095 | D:12     | Demolished by a titanic slime creature

Illustrated notes

Levels and vault maps discovered:
D:1:      psy_arrival_spokes, layout_basic
D:2:      minmay_skewed_foursquare, layout_basic,
          chequers_ecumenical_altar_twisty, hex_intersection
D:3:      layout_basic
D:4:      layout_gridville, minitemple, gammafunk_ghost_split, moated_statue,
          uniq_sigmund
D:5:      cheibrodos_quashed, layout_rooms, nicolae_wu_jian_wuxing_cycle,
          jmf_multi_god_temple2, gammafunk_ghost_nasty_kobolds
D:6:      layout_basic
D:7:      layout_layer_cave, kennysheep_mini, minmay_temple_entry_slanted,
          nicolae_shop_fire_sale [nicolae_sub_dead_trees]
D:8:      layout_loops_ring, fedhas_altar_fruit_tree
D:9:      layout_cave_pods, kennysheep_mini_moat, minmay_st_funbox
D:12:     layout_roguey
Temple:   nicolae_temple_bog_church

Skill      XL: |  1  2  3  4  5  6  7  8  9 10 11 |
---------------+----------------------------------+-----
Maces & Flails | 3 4 5 6 7 8 9 |  9.2
Dodging        | 1 2 3 4 |  4.8
Evocations     | 1 2 3 4 5 |  5.8
Fighting       | 4 5 6 7 8 9 |  9.2
Armour         | 4 6 7 8 9 |  9.1
Invocations    | 1 3 |  3.9
Shields        | |  4.0

Action                   |  1- 3 |  4- 6 |  7- 9 | 10-12 || total
-------------------------+-------+-------+-------+-------++-------
Melee: Flail             |    96 |    65 |       |       ||   161
       Whip              |       |    59 |   376 |   282 ||   717
Throw: Throwing net      |       |       |       |     1 ||     1
Invok: Heroism           |       |       |       |     3 ||     3
 Abil: Dig               |       |       |     2 |       ||     2
Evoke: Wand              |       |       |       |     2 ||     2
  Use: Scroll            |     5 |       |     5 |     2 ||    12
       Potion            |       |       |       |     1 ||     1
Armor: Scale mail        |    38 |       |       |       ||    38
       Chain mail        |     1 |    44 |    82 |    22 ||   149
       Plate armour      |       |       |       |    39 ||    39
Dodge: Dodged            |    44 |    30 |   131 |   106 ||   311
Block: Buckler           |    22 |    31 |    59 |    27 ||   139
